 Dungeon Crawl Stone Soup version 0.31-a0-303-gdc8c9485ea (webtiles) character file.

Game seed: 6401147519296580824

36653 themarg the Stormcaller (level 13, -14/90 HPs)
             Began as a Tengu Air Elementalist on July 16, 2023.
             Was a High Priest of Vehumet.
             Demolished by an elephant (15 damage)
             ... on level 4 of the Lair of Beasts on July 17, 2023.
             The game lasted 01:08:13 (25803 turns).

themarg the Stormcaller (Tengu Air Elementalist)   Turns: 25803, Time: 01:08:14

Health: -14/90     AC:  6    Str: 10    XL:     13   Next: 91%
Magic:  5/24       EV: 17    Int: 19    God:    Vehumet [*****.]
Gold:   930        SH:  5    Dex: 15    Spells: 3/26 levels left

rFire   . . .        d - +2 short sword (venom)
rCold   . . .        (no shield)
rNeg    . . .        a - +0 robe
rPois   +            (helmet restricted)
rElec   .            G - +0 cloak
rCorr   .            r - +2 pair of gloves
SInv    .            (boots unavailable)
Will    .....        I - amulet of reflection
Stlth   +++          A - ring of poison resistance
HPRegen 0.35/turn    K - ring of wizardry
MPRegen 0.19/turn

%: reflection, wizardry (x1)
@: flying quickly and evasively, quick
A: beak, talons 3, nimble flight
a: Renounce Religion


You were on level 4 of the Lair of Beasts.
You worshipped Vehumet.
Vehumet was extremely pleased with you.
You visited 3 branches of the dungeon, and saw 17 of its levels.

You collected 930 gold pieces.

Inventory:

Hand Weapons
 c - a +0 mace
 d - a +2 short sword of venom (weapon)
 T - a +3 dagger
Missiles
 e - 84 stones
 p - 15 boomerangs
 H - 14 curare-tipped darts
 Q - 30 poisoned darts
 U - 3 javelins
 X - 3 atropa-tipped darts
Armour
 a - a +0 robe (worn)
 r - a +2 pair of gloves (worn)
 G - a +0 cloak (worn)
Jewellery
 o - an amulet of guardian spirit
 x - a +6 ring of intelligence
 A - a ring of poison resistance (left hand)
 B - a +4 ring of slaying
 I - an amulet of reflection (around neck)
 K - a ring of wizardry (right hand)
 R - a ring of protection from fire
Wands
 E - a wand of acid (21)
 F - a wand of flame (33)
 P - a wand of mindburst (1)
Scrolls
 g - 2 scrolls of amnesia
 h - a scroll of poison {unknown}
 k - a scroll of acquirement {unknown}
 l - 2 scrolls of revelation
 m - 2 scrolls of fog
 q - a scroll of vulnerability {unknown}
 u - 3 scrolls of immolation
 C - a scroll of torment {unknown}
 J - a scroll of teleportation
 M - a scroll of enchant weapon {unknown}
 O - a scroll of brand weapon {unknown}
 S - 2 scrolls of fear {unknown}
 Z - a scroll of noise {unknown}
Potions
 b - a potion of magic
 f - 2 potions of resistance {unknown}
 i - 3 potions of enlightenment
 j - 2 potions of heal wounds
 n - 7 potions of curing
 s - a potion of mutation {unknown}
 t - a potion of attraction {unknown}
 v - 7 potions of might
 w - 2 potions of degeneration {unknown}
 L - a potion of cancellation {unknown}
 N - 2 potions of ambrosia {unknown}
 W - 2 potions of brilliance {unknown}
Miscellaneous
 y - a lightning rod (4/4)


   Skills:
 + Level 14.0 Fighting
 - Level 4.0 Throwing
 - Level 5.0 Dodging
 - Level 5.0 Stealth
 - Level 7.0 Spellcasting
 - Level 8.0 Conjurations
 - Level 3.0 Transmutations
 - Level 3.0 Fire Magic
 - Level 3.0 Ice Magic
 - Level 15.0 Air Magic
 + Level 2.0 Earth Magic
 - Level 5.0 Poison Magic
 - Level 5.0 Evocations


You had 3 spell levels left.
You knew the following spells:

 Your Spells              Type           Power      Damage    Failure   Level
a - Shock                 Conj/Air       100%       1d9       1%          1
b - Static Discharge      Conj/Air       100%       2-7/arc   1%          2
c - Airstrike             Air            29%        2d(5-21)  1%          4
d - Hailstorm             Conj/Ice       27%        3d7       1%          3
e - Ignite Poison         Fire/Tmut/Pois 20%        N/A       1%          3
f - Olgreb's Toxic Radia  Pois           25%        N/A       1%          4
g - Leda's Unmaking       Conj/Erth      12%        9d3       21%         6

Your spell library contained the following spells:

 Spells                   Type           Power      Damage    Failure   Level
 Dazzling Flash           Conj/Hex       42%        N/A       1%          3
 Swiftness                Air            59%        N/A       1%          3
 Volatile Blastmotes      Fire/Tloc      24%        2d12      1%          3
 Lesser Beckoning         Tloc           12%        N/A       6%          2
 Call Canine Familiar     Summ           6%         N/A       12%         3
 Gell's Gravitas          Tloc           6%         N/A       12%         3
 Portal Projectile        Hex/Tloc       12%        N/A       12%         3
 Teleport Other           Tloc           6%         N/A       12%         3
 Silence                  Hex/Air        17%        N/A       5%          5
 Maxwell's Capacitive Co  Air            29%        ∞         14%         8
 Starburst                Conj/Fire      13%        6d6       17%         6
 Leda's Liquefaction      Hex/Erth       5%         N/A       26%         4
 Agony                    Necr           6%         N/A       69%         5
 Dispersal                Tloc           3%         N/A       99%         6
 Discord                  Hex            3%         N/A       100%        8
 Ignition                 Fire           9%         3d5       100%        8


Dungeon Overview and Level Annotations

Branches:
Dungeon (12/15)            Temple (1/1) D:4            Lair (4/5) D:8
  Swamp (0/4) Lair:2       Spider (0/4) Lair:2
  Slime: Lair:4-5       Orc: D:9-12

Altars:
Ashenzari
Cheibriados
Dithmenos
Elyvilon
Fedhas
Gozag
Hepliaklqana
Kikubaaqudgha
Makhleb
Nemelex Xobeh
Okawaru
Qazlal
Ru
Sif Muna
Trog
Uskayaw
Vehumet
Wu Jian
Xom
Yredelemnul
Zin
The Shining One

Shops:
D:3 (   D:5 (   D:6 (

Portals:
Ice
Cave: Lair:4

Annotations:
D:9 exclusion: obsidian statue
D:11 2 transporters, Iniera's ghost, journeyman DsBr


Innate Abilities, Weirdness & Mutations

You have a beak for a mouth.
You have claws for feet.
Your magical nature lets you fly swiftly and evasively.


Message History

You peck the elephant, but do no damage.
The elephant is heavily wounded.
You block the elephant's attack.
The elephant trunk-slaps you but does no damage.
You ignite the poison in your surroundings!
The elephant seems to burn from within!!!
You kill the elephant!
Vehumet accepts your kill.
You feel your power returning.
The blink frog croaks.
Your Fighting skill increases to level 14!
Your Earth Magic skill increases to level 2!
You hit the blink frog.
The blink frog looks even sicker.
Your kick misses the blink frog. You peck the blink frog.
The blink frog is heavily wounded.
The blink frog hits you!
* * * LOW HITPOINT WARNING * * *
The blink frog blinks!
The blink frog hits you.
* * * LOW HITPOINT WARNING * * *
The blink frog closely misses you. You block the blink frog's attack.
The blink frog attacks as you move away!
The blink frog closely misses you. The blink frog misses you.
The blink frog blinks!
The blink frog hits you.
* * * LOW HITPOINT WARNING * * *
The blink frog blinks!
You ignite the poison in your surroundings!
The blink frog seems to burn from within!
You kill the blink frog!
Vehumet accepts your kill.
You feel your power returning.
You see here a blink frog corpse.
The blink frog attacks as you move away!
The blink frog hits you!
* * * LOW HITPOINT WARNING * * *
There is a stone staircase leading up here.
The blink frog hits you!
* * * LOW HITPOINT WARNING * * *
The elephant tramples you!
You die...

#..####.###......##
#...............#
#.......†.........#
#....######.#......
#...P#.#######.....
##...P#..P## .....
#..........# #####
#....FY....##
#....@...†..#P##
##.#.#.#.†......
######.........
##........
#####P### #


You could see an elephant and a blink frog.

Vanquished Creatures
  2 hydras (Lair:3)
  4 two-headed ogres
  Sonja (Lair:2)
  Nergalle (D:10)
  2 skeletal warriors
  3 ugly things
  A necromancer (D:10)
  A manticore (D:12)
  20 elephants
  A black mamba (Lair:1)
  8 cane toads
  A gargoyle (D:12)
  Maggie (D:7)
  A kobold demonologist (D:11)
  An unseen horror (D:10)
  2 komodo dragons
  3 rime drakes
  4 polar bears
  30 blink frogs
  2 hornets (D:10)
  A shadow (D:11)
  22 yaks
  2 wyverns
  5 basilisks
  2 steam dragons
  3 vampire mosquitoes (D:12)
  Menkaure (D:7)
  An acid dragon (D:8)
  A sky beast (D:6)
  9 water moccasins
  3 black bears
  2 wolves (Lair:4)
  3 ogres
  2 kobold brigands
  4 phantoms
  9 bullfrogs
  4 gnoll sergeants
  3 scorpions
  A water moccasin zombie (D:5)
  5 wights (D:10)
  A water moccasin skeleton (D:5)
  6 killer bees (D:8)
  A howler monkey (D:12)
  3 electric eels (Lair:2)
  2 bullfrog zombies (D:5)
  2 jellies (D:6)
  6 orc priests
  A centaur zombie (D:5)
  5 hounds
  4 bullfrog skeletons (D:5)
  A sleepcap (D:5)
  9 orc wizards
  An iguana (D:5)
  2 scorpion zombies (D:5)
  5 polar bear simulacra (D:10)
  A yak simulacrum (D:10)
  3 wolf simulacra (D:10)
  16 gnolls
  8 adders
  A white imp (D:7)
  An ufetubus (D:6)
  6 worms
  3 dart slugs
  21 orcs
  6 endoplasms
  8 giant cockroaches
  5 goblins
  5 hobgoblins
  9 kobolds
  A quokka (D:3)
  9 ball pythons
  5 bats
  4 frilled lizards
  2 rats
  2 river rat simulacra (D:10)
337 creatures vanquished.

Notes
Turn   | Place    | Note
-------+----------+-------------------------------------------
     0 | D:1      | themarg the Tengu Air Elementalist began the quest for the
                  | Orb.
     0 | D:1      | Reached XP level 1. HP: 10/10 MP: 4/4
   159 | D:1      | Reached XP level 2. HP: 15/15 MP: 4/6
   162 | D:1      | Learned a level 2 spell: Static Discharge
   845 | D:2      | Reached XP level 3. HP: 20/20 MP: 4/7
  1062 | D:2      | Reached skill level 1 in Fighting
  2170 | D:3      | Reached skill level 5 in Air Magic
  2305 | D:3      | Reached XP level 4. HP: 22/25 MP: 1/8
  2397 | D:3      | Found Osaceitt's Weapon Emporium.
  2634 | D:3      | Reached skill level 1 in Evocations
  3224 | D:4      | Found a staircase to the Ecumenical Temple.
  3231 | Temple   | Entered the Ecumenical Temple
  3410 | Temple   | Became a worshipper of Vehumet
  3491 | D:4      | Gained mutation: Your magical nature lets you fly swiftly
                  | and evasively. [Tengu growth]
  3491 | D:4      | Reached XP level 5. HP: 29/29 MP: 5/9
  4049 | D:4      | Noticed an ogre
  4092 | D:5      | Entered Level 5 of the Dungeon
  4095 | D:5      | Noticed a phantom
  4102 | D:5      | Killed a phantom
  4103 | D:5      | Reached skill level 6 in Air Magic
  4103 | D:5      | Reached XP level 6. HP: 34/34 MP: 2/10
  4311 | D:5      | Reached skill level 7 in Air Magic
  4413 | D:5      | Noticed a water moccasin
  4419 | D:5      | Killed a water moccasin
  4596 | D:5      | Reached XP level 7. HP: 22/40 MP: 0/12
  5371 | D:5      | Reached skill level 8 in Air Magic
  5371 | D:5      | Reached XP level 8. HP: 48/48 MP: 7/13
  5376 | D:5      | Learned a level 4 spell: Airstrike
  5833 | D:5      | Reached skill level 5 in Fighting
  5835 | D:5      | Reached skill level 9 in Air Magic
  6009 | D:5      | Reached * piety under Vehumet
  6009 | D:5      | Offered knowledge of Freeze by Vehumet.
  6435 | D:5      | Found Jijej's Hydra Hut.
  6439 | D:5      | Noticed a six-headed hydra
  6855 | D:6      | Reached skill level 10 in Air Magic
  7187 | D:6      | Reached skill level 1 in Throwing
  7603 | D:6      | Reached skill level 5 in Conjurations
  7698 | D:6      | Found Qepnas's Weapon Emporium.
  7725 | D:5      | Reached XP level 9. HP: 36/54 MP: 5/14
  7933 | D:6      | Reached skill level 5 in Dodging
  8294 | D:7      | Found an ornate altar of the Wu Jian Council.
  8307 | D:7      | Noticed Menkaure
  8309 | D:7      | Killed Menkaure
  8524 | D:7      | Noticed Maggie
  8531 | D:7      | Killed Maggie
  8531 | D:7      | Reached ** piety under Vehumet
  8531 | D:7      | Offered knowledge of Momentum Strike by Vehumet.
  9608 | D:8      | Reached skill level 5 in Spellcasting
 10156 | D:8      | Found a staircase to the Lair.
 10196 | D:8      | Noticed a two-headed ogre
 10205 | D:8      | Killed a two-headed ogre
 10206 | D:8      | Reached XP level 10. HP: 66/66 MP: 2/18
 11525 | D:9      | Found an ancient bone altar of Kikubaaqudgha.
 11703 | D:9      | Noticed an obsidian statue
 11855 | D:9      | Noticed an orange demon
 11856 | D:9      | Noticed an orange demon
 11963 | D:10     | Entered Level 10 of the Dungeon
 12285 | D:10     | Reached skill level 10 in Fighting
 12681 | D:10     | Noticed Nergalle
 12765 | D:10     | Noticed a necromancer
 12771 | D:10     | Killed a necromancer
 12772 | D:10     | Reached skill level 11 in Air Magic
 12871 | D:10     | HP: 3/68 [polar bear simulacrum (18)]
 13117 | D:10     | Offered knowledge of Hailstorm by Vehumet.
 13188 | D:10     | Killed an unseen horror
 13189 | D:10     | Reached skill level 12 in Air Magic
 13291 | D:10     | Reached skill level 1 in Ice Magic
 13562 | D:10     | Noticed a two-headed ogre
 13565 | D:10     | Killed a two-headed ogre
 13566 | D:10     | Reached XP level 11. HP: 72/72 MP: 6/19
 13687 | D:10     | Killed Nergalle
 14575 | D:11     | Reached *** piety under Vehumet
 14851 | D:11     | Noticed a two-headed ogre
 14855 | D:11     | Killed a two-headed ogre
 14951 | D:11     | Noticed a white ugly thing
 14955 | D:11     | Noticed a red ugly thing
 14960 | D:11     | Killed a white ugly thing
 14961 | D:11     | Reached skill level 13 in Air Magic
 15142 | D:11     | Noticed a two-headed ogre
 15146 | D:11     | Killed a two-headed ogre
 15251 | D:11     | Found a transporter.
 15256 | D:11     | Found a transporter.
 15256 | D:11     | Noticed a boulder beetle
 15265 | D:11     | Noticed Iniera's ghost (journeyman DsBr)
 15272 | D:11     | Noticed a boulder beetle
 15275 | D:11     | Noticed a manticore
 15385 | D:11     | Killed a red ugly thing
 15386 | D:11     | Reached skill level 14 in Air Magic
 15888 | D:12     | Noticed a purple ugly thing
 15894 | D:12     | Killed a purple ugly thing
 16057 | D:12     | Reached skill level 5 in Evocations
 16293 | D:12     | Noticed a skeletal warrior
 16293 | D:12     | Noticed a skeletal warrior
 16320 | D:12     | Learned a level 3 spell: Hailstorm
 16356 | D:12     | Noticed a manticore
 16360 | D:12     | Killed a manticore
 16537 | D:12     | Killed a skeletal warrior
 16678 | D:12     | Reached skill level 15 in Air Magic
 16699 | D:12     | Noticed a skeletal warrior
 17075 | D:11     | Killed a skeletal warrior
 17187 | D:11     | Found a transporter.
 17196 | D:11     | Found a transporter.
 17573 | Lair:1   | Entered Level 1 of the Lair of Beasts
 17894 | Lair:1   | Offered knowledge of Ignite Poison by Vehumet.
 17895 | Lair:1   | Reached XP level 12. HP: 77/77 MP: 9/20
 18947 | Lair:1   | Reached skill level 5 in Stealth
 19217 | D:8      | Learned a level 3 spell: Ignite Poison
 19359 | Lair:1   | Reached skill level 1 in Fire Magic
 19503 | Lair:1   | Reached skill level 1 in Transmutations
 19503 | Lair:1   | Reached skill level 1 in Poison Magic
 21060 | Lair:2   | Found a staircase to the Swamp.
 21590 | Lair:2   | Noticed a demonic crawler
 21752 | Lair:2   | Reached **** piety under Vehumet
 22396 | Lair:2   | Found a hole to the Spider Nest.
 22565 | Lair:2   | Noticed Sonja
 23081 | Lair:2   | Killed Sonja
 23082 | Lair:2   | Reached XP level 13. HP: 84/84 MP: 17/24
 23298 | Lair:2   | Learned a level 4 spell: Olgreb's Toxic Radiance
 23306 | Lair:3   | Offered knowledge of Sticky Flame by Vehumet.
 23928 | Lair:3   | Reached skill level 5 in Poison Magic
 25208 | Lair:3   | Reached ***** piety under Vehumet
 25618 | Lair:4   | Offered knowledge of Leda's Unmaking by Vehumet.
 25626 | Lair:4   | Learned a level 6 spell: Leda's Unmaking
 25661 | Lair:4   | Found a frozen archway.
 25670 | Lair:4   | Reached skill level 1 in Earth Magic
 25803 | Lair:4   | HP: 1/90 [blink frog (13)]
 25803 | Lair:4   | Demolished by an elephant

Illustrated notes

Levels and vault maps discovered:
D:1:      minmay_arrival_glassed_features, layout_basic
D:2:      layout_rooms, st_stairs_5, kennysheep_generic_room_12
D:3:      layout_loops_ring, serial_shops, shop
D:4:      layout_rooms, minmay_temple_entry_purple_smoke
D:5:      layout_basic, serial_undead, serial_undead_a, serial_undead_d,
          serial_undead_a, serial_undead_a, serial_undead_e, serial_undead_b,
          doesnt_shop_hydraphobe
D:6:      layout_cave_pools, serial_shops, nicolae_shop_bloodbath_and_beyond,
          serial_bayou_pond_a
D:7:      layout_loops_ring, nicolae_wu_jian_wuxing_cycle, uniq_menkaure,
          uniq_maggie
D:8:      layout_gridville, dpeg_oklobed_lair, item_on_display_a
D:9:      layout_gridville, old_standard_altar, minmay_statue_bubble
D:10:     layout_grid_maze, eino_house_with_fridge, uniq_nergalle
D:11:     layout_cave_pools, nzn_ghost_randoct
D:12:     layout_rooms, orc_0_dummy
Temple:   nicolae_temple_slightly_damp_pantheon
Lair:1:   layout_roguey, hibernation_bobbens
Lair:2:   layout_misc_corridors, swamp_mist, nicolae_spider_entry_non_spiders,
          serial_bayou_shore_a, grunt_megastairs_3, uniq_sonja
Lair:3:   layout_layer_cave
Lair:4:   layout_cellular_growth, portal_ice_cave_entry_animals_and_master,
          grunt_megastairs_5, uniq_kirke

Skill      XL: |  1  2  3  4  5  6  7  8  9 10 11 12 13 |
---------------+----------------------------------------+-----
Conjurations   | 2 3 4 5 7 8 |  8.0
Stealth        | 3 5 |  5.0
Fighting       | 1 2 4 5 9 10 11 14 | 14.0
Air Magic      | 5 6 7 8 10 12 15 | 15.0
Evocations     | 1 2 5 |  5.0
Spellcasting   | 3 5 7 |  7.0
Throwing       | 2 3 4 |  4.0
Dodging        | 4 5 |  5.0
Ice Magic      | 3 |  3.0
Fire Magic     | 3 |  3.0
Transmutations | 3 |  3.0
Poison Magic   | 3 5 |  5.0
Earth Magic    | 2 |  2.0

Action                     |  1- 3 |  4- 6 |  7- 9 | 10-12 | 13-15 || total
---------------------------+-------+-------+-------+-------+-------++-------
  Melee: Dagger            |     2 |     9 |    11 |     6 |       ||    28
         Kick              |     1 |     5 |     4 |    16 |    23 ||    49
         Peck              |     1 |     3 |     1 |    12 |    17 ||    34
         Punch             |       |     1 |       |       |       ||     1
         Short sword       |       |       |       |    37 |    48 ||    85
   Cast: Shock             |    85 |    70 |    83 |    15 |       ||   253
         Static Discharge  |     4 |    23 |    42 |    49 |     4 ||   122
         Airstrike         |       |       |    61 |   260 |    34 ||   355
         Ignite Poison     |       |       |       |     8 |    40 ||    48
         Hailstorm         |       |       |       |     1 |     3 ||     4
         Olgreb's Toxic Ra |       |       |       |       |    36 ||    36
  Evoke: Wand              |       |       |     4 |    10 |     5 ||    19
    Use: Scroll            |       |     1 |     7 |     9 |     1 ||    18
         Potion            |       |       |       |     2 |     1 ||     3
 Armour: Robe              |     2 |     7 |     6 |    31 |    19 ||    65
  Dodge: Dodged            |    12 |    18 |    37 |   103 |    75 ||   245
  Block: Other             |       |       |       |    37 |    12 ||    49
         Reflection        |       |       |       |     2 |       ||     2

Table legend: (Time is in decaauts)
 A = Elapsed time spent in this place.
 B = Non-inter-level travel time spent in this place.
 C = Inter-level travel time spent in this place.
 D = Time resting spent in this place.
 E = Time spent auto-exploring this place.
 F = Levels seen in this place.
 G = Mean time per level.
                   A        B        C        D        E       F      G
               +--------+--------+--------+--------+--------+-----+--------+
         Total |  24857 |  24024 |    833 |   3868 |  17182 |  17 | 1462.2 |
       Dungeon |  17004 |  16302 |    702 |   2629 |  11751 |  12 | 1417.0 |
        Temple |    198 |    180 |     18 |      0 |    144 |   1 |  198.0 |
          Lair |   7653 |   7540 |    113 |   1239 |   5286 |   4 | 1913.2 |
               +--------+--------+--------+--------+--------+-----+--------+

Top non-repeatable levels by time:
  Lair:1: 3363 daAuts
     D:5: 2788 daAuts
    D:10: 2562 daAuts
  Lair:2: 2126 daAuts
  Lair:3: 1983 daAuts
    D:11: 1849 daAuts
     D:8: 1603 daAuts
     D:9: 1387 daAuts
     D:2: 1282 daAuts
     D:3: 1139 daAuts
     D:4: 1094 daAuts
     D:7: 1069 daAuts
     D:6: 854 daAuts
     D:1: 786 daAuts
    D:12: 585 daAuts
